 Dungeon Crawl Stone Soup version 0.24-a0-335-g06ca16a (webtiles) character file.

Game seed: 17135652732719065344

125 Borgoz the Twirler (level 5, 0/32 HPs)
             Began as a Gargoyle Gladiator on May 19, 2019.
             Slain by a giant cockroach (1 damage)
             ... on level 3 of the Dungeon.
             The game lasted 00:01:54 (1645 turns).

Borgoz the Twirler (Gargoyle Gladiator)             Turns: 1645, Time: 00:01:54

Health: 0/32       AC:  8    Str: 18    XL:     5   Next: 9%
Magic:  5/5        EV: 13    Int:  8    God:
Gold:   110        SH:  0    Dex: 12    Spells: 4/4 levels left

rFire    . . .     SeeInvis .   a - +0 quarterstaff
rCold    . . .     Gourm    .   (shield currently unavailable)
rNeg     + . .     Faith    .   b - +0 leather armour
rPois    ∞         Spirit   .   c - +0 helmet
rElec    +         Reflect  .   (no cloak)
rCorr    .         Harm     .   (no gloves)
MR       .....                  (no boots)
Stlth    +.........             e - amulet of inaccuracy (curse)
HPRegen  0.10/turn              (no ring)
MPRegen  0.09/turn              (no ring)

@: no status effects
A: negative energy resistance 1, electricity resistance, unbreathing,
petrification resistance, rot immunity, AC +4
a: no special abilities


You were on level 3 of the Dungeon.
You were hungry.

You visited 1 branch of the dungeon, and saw 3 of its levels.

You collected 110 gold pieces.

Inventory:

Hand Weapons
 a - a +0 quarterstaff (weapon)
Missiles
 d - 3 throwing nets (quivered)
Armour
 b - a +0 leather armour (worn)
 c - a +0 helmet (worn)
Jewellery
 e - a cursed amulet of inaccuracy (around neck)
Potions
 g - a potion of brilliance {unknown}
 h - a potion of ambrosia
 i - a potion of curing {unknown}
 j - a potion of degeneration {unknown}
 m - a potion of heal wounds
Comestibles
 f - 5 rations
 n - 3 chunks of flesh


   Skills:
 + Level 2.9 Fighting
 * Level 4.0 Staves
 - Level 1.7 Throwing
 + Level 1.7 Armour
 * Level 3.3 Dodging


You had 4 spell levels left.
You didn't know any spells.
Your spell library was empty.

Dungeon Overview and Level Annotations

Branches:
Dungeon (3/15)

Altars:


Innate Abilities, Weirdness & Mutations

You are resistant to torment.
Your stone body is resilient. (AC +4)
You are immune to poison.
You resist negative energy. (rN+)
You are resistant to electric shocks. (rElec)
You can survive without breathing.
You are immune to petrification.
You are immune to rotting.


Message History

a +0 short sword x2; an orc corpse You hit the orc.
The orc is moderately wounded.
The giant cockroach barely misses you. The orc barely misses you.
You barely miss the orc.
The orc is moderately wounded.
The giant cockroach bites you but does no damage.
The orc closely misses you. The giant cockroach barely misses you.
You miss the orc.
The orc is moderately wounded.
The orc barely misses you.
The giant cockroach bites you but does no damage.
You closely miss the orc.
The orc is moderately wounded.
The giant cockroach misses you. The orc hits you with a +0 trident.
* * * LOW HITPOINT WARNING * * *
You hit the orc.
The orc is almost dead.
The giant cockroach bites you.
You die...

.#........#..## ..
.#...##...#... ..
#....##......# .#
##+##.........#.†##..# .
#...#....###..h.)..h.# .⌠
##.⌠.'...........###.## ...
#....#...####.....## # #...
##...##.?.####......#.#
#....#....#....s@o)...........
#.....÷.###..#####.####.#.###
#.<.⌠.<.# #..# #†.....>.#
#.......##.... .......###
#....#....##..## #########
#...###...##..# .... #....#...
.⌠. ##.⌠.+.. .. #...#


You could see an orc and a giant cockroach.

Vanquished Creatures
  Jessica (D:3)
  3 adders
  An ooze (D:1)
  2 leopard geckos
  4 orcs (D:3)
  A ball python (D:1)
  4 giant cockroaches
  9 goblins
  6 hobgoblins
  7 jackals (D:3)
  A quokka (D:2)
  11 bats
  2 kobolds (D:1)
  8 rats
60 creatures vanquished.

Notes
Turn   | Place    | Note
-------+----------+-------------------------------------------
     0 | D:1      | Borgoz the Gargoyle Gladiator began the quest for the Orb.
     0 | D:1      | Reached XP level 1. HP: 12/12 MP: 1/1
    59 | D:1      | Reached XP level 2. HP: 16/17 MP: 2/2
   402 | D:1      | Reached XP level 3. HP: 19/22 MP: 3/3
   745 | D:2      | Reached skill level 1 in Armour
  1242 | D:2      | Reached XP level 4. HP: 26/27 MP: 4/4
  1564 | D:3      | Noticed Jessica
  1580 | D:3      | Killed Jessica
  1580 | D:3      | Reached skill level 4 in Staves
  1613 | D:3      | Reached XP level 5. HP: 11/32 MP: 5/5
  1644 | D:3      | HP: 1/32 [orc/+0 trident (3)]
  1645 | D:3      | Slain by a giant cockroach

Levels and vault maps discovered:
D:1:      wander_arrival_peaceful_grave, layout_basic, minivault_26,
          minmay_misc_feat_five
D:2:      layout_loops_corners
D:3:      layout_basic, overflow_temple_1_default, first_ration,
          grunt_ministairs_13, kennysheep_nondescript, fedhas_altar_3,
          uniq_jessica

Skill      XL: |  1  2  3  4 |
---------------+-------------+-----
Armour         | 1 |  1.7
Dodging        | 3 |  3.3
Staves         | 4 |  4.0
Fighting       | |  2.9
Throwing       | |  1.7

Action                   |  1- 3 |  4- 6 || total
-------------------------+-------+-------++-------
Melee: Quarterstaff      |   123 |    94 ||   217
  Use: Scroll            |       |     4 ||     4
  Eat: Chunk             |     1 |     1 ||     2
Armor: Leather armour    |    64 |    62 ||   126
Dodge: Dodged            |    99 |   128 ||   227

Table legend:
 A = Non-vault XP
 B = Vault XP
 C = Vault XP percentage of total XP
 D = Non-vault monster count
 E = Vault monster count
 F = Vault count percentage of total count
                 A         B        C        D         E       F
            +---------+---------+-------+---------+---------+-------
      Total |     127 |      52 |  29.1 |      57 |       3 |   5.0
            +---------+---------+-------+---------+---------+-------
        D:1 |      40 |       0 |   0.0 |      22 |       0 |   0.0
        D:2 |      53 |       0 |   0.0 |      20 |       0 |   0.0
        D:3 |      34 |      52 |  60.5 |      15 |       3 |  16.7
            +---------+---------+-------+---------+---------+-------
